Map: Temple of the Past

Players

RyuKey

  • Race: Terran Terran
  • League: Diamond

ASSILA

  • Race: Zerg Zerg
  • Spawn Location: 0:00

VOD

Have the link to the VOD?

Description

Time

  • Played on: June 4, 2020, 10:32 a.m.
  • Length: 26:31
Show
View Real Time Build Order
Export as new Build Order

RyuKey Terran 

Build Orders:  

Get SALT Encoding   

  12  0:03  SCV  
  13  0:12  SCV  
  14  0:20  SCV  
  14  0:27  Supply Bunker  
  15  0:36  Supply Bunker  
  15  0:48  Refinery  
  15  0:54  Refinery  
  15  0:56  SCV  
  16  1:04  SCV  
  17  1:12  SCV  
  18  1:26  SCV  
  19  1:34  SCV  
  20  1:42  SCV  
  21  1:55  Barracks  
  21  1:56  SCV  
  22  2:08  SCV  
  24  2:29  Dominion Trooper  
  25  2:31  Engineering Bay  
  25  2:34  Engineering Bay  
  25  2:37  Dominion Trooper, SCV  
  26  2:46  Supply Bunker  
  26  2:54  SCV  
  27  3:06  SCV, Marauder  
  32  3:12  Supply Bunker  
  32  3:17  SCV  
  34  3:43  Dominion Trooper  
  35  3:54  Dominion Trooper  
  35  4:08  Dominion Trooper  
  36  4:19  Dominion Trooper x6, Supply Bunker  
  43  4:27  Dominion Trooper  
  44  4:34  Dominion Trooper  
  44  4:39  Supply Bunker  
  44  4:41  SCV  
  44  4:42  Command Center  
  44  4:44  Terran Infantry Weapons Level 1  
  44  4:49  SCV  
  46  5:08  Dominion Trooper  
  48  5:16  Dominion Trooper  
  49  5:42  Dominion Trooper  
  50  5:50  Dominion Trooper, Terran Infantry Armor Level 1  
  50  5:51  Factory  
  50  6:07  Supply Bunker  
  50  6:08  Marauder  
  50  6:09  SCV  
  55  6:21  SCV  
  55  6:29  Refinery, SCV  
  58  6:31  Dominion Trooper  
  58  6:47  Supply Bunker  
  58  6:48  Dominion Trooper x6, Supply Bunker  
  64  6:52  SCV  
  65  7:04  SCV x2  
  67  7:11  SCV  
  67  7:12  SCV  
  67  7:14  Supply Bunker  
  67  7:19  SCV  
  70  7:25  SCV  
  70  7:29  Refinery  
  71  7:38  Siege Tank  
  77  8:42  Siege Tank  
  85  8:53  Dominion Trooper x2, SCV  
  85  8:56  SCV x2  
  87  9:01  Dominion Trooper x2, SCV  
  87  9:08  Dominion Trooper  
  91  9:16  Dominion Trooper  
  91  9:17  Dominion Trooper  
  93  9:24  Neosteel Armor  
  93  9:26  Dominion Trooper x2  
  93  10:18  Siege Tank  
  99  10:27  SCV  
  99  10:28  Starport  
  100  10:32  Supply Bunker, SCV  
  100  10:35  SCV  
  102  10:40  SCV  
  102  10:49  Supply Bunker  
  100  11:30  Dominion Trooper x2  
  100  11:38  Dominion Trooper x2  
  100  11:39  Imperial Witness  
  106  12:13  Dominion Trooper x2  
  106  12:19  Supply Bunker  
  108  12:21  Dominion Trooper x2  
  108  12:24  Imperial Witness  
  108  12:29  Dominion Trooper  
  111  12:40  Imperial Witness  
  111  12:42  Supply Bunker  
  112  13:05  Dominion Trooper x2  
  114  13:13  Dominion Trooper x2  
  116  13:20  Dominion Trooper  
  116  13:21  Dominion Trooper  
  116  13:28  Dominion Trooper  
  117  13:34  Siege Tank  
  113  13:57  Supply Bunker  
  113  14:10  Siege Tank  
  121  14:22  Dominion Trooper x2  
  123  14:30  Dominion Trooper x2  
  123  14:38  Dominion Trooper  
  124  14:55  Siege Tank  
  130  15:01  SCV, Siege Tank  
  130  15:09  Dominion Trooper  
  133  15:17  Dominion Trooper x2  
  135  15:22  Marauder  
  135  15:25  Dominion Trooper x2  
  140  15:30  Ghost Academy  
  140  15:33  Dominion Trooper  
  140  15:38  Dominion Trooper  
  143  15:41  Dominion Trooper  
  143  15:42  Medivac, Armory  
  143  15:46  Dominion Trooper  
  143  15:49  Dominion Trooper  
  146  15:52  Marauder  
  146  15:59  Siege Tank  
  150  16:03  Medivac  
  154  16:13  Dominion Trooper x2  
  155  16:21  Dominion Trooper x2  
  155  16:28  Dominion Trooper  
  155  16:29  Dominion Trooper  
  159  16:36  Dominion Trooper, Siege Tank  
  159  16:37  Dominion Trooper  
  160  16:44  Dominion Trooper  
  160  16:45  Dominion Trooper  
  162  16:52  Dominion Trooper  
  162  16:53  Dominion Trooper  
  162  17:16  Siege Tank  
  161  17:38  Dominion Trooper x6, Supply Bunker  
  168  17:46  Dominion Trooper  
  168  18:15  Supply Bunker x2  
  168  18:20  Siege Tank x3  
  168  18:35  Ghost, Siege Tank  
  168  18:38  Supply Bunker  
  180  18:40  Supply Bunker  
  180  18:43  Dominion Trooper x2  
  180  18:51  Dominion Trooper  
  179  19:20  Siege Tank  
  185  19:34  SCV  
  187  19:42  Dominion Trooper  
  187  19:44  Supply Bunker  
  187  19:49  Dominion Trooper  
  190  19:50  Dominion Trooper  
  190  19:57  Dominion Trooper  
  190  19:58  Dominion Trooper  
  193  20:05  Dominion Trooper  
  193  20:06  Dominion Trooper  
  194  20:13  Dominion Trooper  
  194  20:58  Siege Tank x2  
  194  21:00  Missile Turret  
  192  21:17  Medivac  
  194  21:28  Missile Turret  
  194  21:38  Medivac  
  194  21:39  Marauder  
  199  21:55  Missile Turret  
  199  22:05  Siege Tank  
  199  22:23  Missile Turret  
  200  22:35  Dominion Trooper  
  190  23:11  Dominion Trooper x6, Supply Bunker  
  190  23:12  Dominion Trooper x6, Supply Bunker  
  190  23:19  Siege Tank  
  188  23:20  Siege Tank x3  
  187  23:31  Dominion Trooper x3  
  187  23:32  Dominion Trooper x3  
  183  24:03  Siege Tank x4  
  178  24:27  Dominion Trooper x2  
  174  24:35  Dominion Trooper x2  
  176  24:43  Dominion Trooper x2  
  178  24:51  Dominion Trooper x2  
  178  24:59  Dominion Trooper x2  
  182  25:07  Dominion Trooper x2  
  184  25:15  Dominion Trooper x2  
  184  25:23  Dominion Trooper x2  
  186  25:32  Dominion Trooper  
  186  25:33  Dominion Trooper  
  187  25:40  Dominion Trooper  
Show
View Real Time Build Order
Export as new Build Order

ASSILA Zerg 

Build Orders:  

Get SALT Encoding   

  12  1:03  Drone, Extractor  
  12  1:04  Drone x2  
  14  1:13  Overlord x2  
  14  2:01  Queen  
  14  2:06  Extractor  
  14  2:09  Drone x2  
  15  2:10  Drone  
  15  2:16  Overlord  
  18  2:31  Queen  
  18  2:58  Roach Warren  
  19  4:15  Queen  
  21  4:45  Queen  
  23  6:12  Hatchery  
  22  7:38  Queen  
  22  7:45  Queen  
  22  8:23  Brutalisk  
  22  8:30  Brutalisk  
  22  8:50  Queen  
  22  9:35  Brutalisk  
  22  10:05  Roach x2  
  22  10:06  Roach x5  
  22  10:07  Roach x2  
  40  12:12  Drone x4  
  40  12:17  Overlord  
  40  12:18  Overlord x4  
  44  14:09  Lair  
  44  14:13  Lair  
  44  16:28  Spire  
  44  16:29  Drone  
  100  16:30  Drone x5  
  44  16:31  Drone x3  
  52  16:41  Roach x3  
  52  16:42  Infestation Pit, Roach x2  
  51  16:59  Ravager x3  
  54  17:00  Ravager x2  
  56  18:25  Mutalisk x5  
  56  18:26  Mutalisk x4  
  74  19:09  Mutalisk  
  74  19:15  Mutalisk  
  74  19:37  Leviathan  
  74  19:39  Mutalisk  
  74  19:43  Leviathan  
  74  20:07  Leviathan  
  74  20:18  Virulent Microbes  
  74  20:42  Hive  
  74  20:55  Glial Reconstitution  
  74  22:45  Tunneling Claws  
  74  23:10  Greater Spire  
  74  24:33  Nydus Network  
  73  25:12  Mutalisk  
  73  25:37  Guardian  
Tags
 
Add a new tag
Caveats
  • Supply blocks, unpowered buildings, or Contaminate may cause inaccurate times.
  • Supply counts are checked every 10 seconds.